 Dungeon Crawl Stone Soup version 0.31-a0-810-ga77100ea1a (webtiles) character file.

Game seed: 2856420167885194522

45 lunkers the Trooper (level 4, 0/42 HPs)
             Began as a Meteoran Wanderer on Sept 21, 2023.
             Slain by an orc wizard
             ... wielding a +0 dagger
              (3 damage)
             ... on level 3 of the Dungeon.
             The game lasted 00:03:43 (1299 turns).

lunkers the Trooper (Meteoran Wanderer)             Turns: 1299, Time: 00:03:44

Health: 0/42       AC:  4    Str: 13    XL:     4   Next: 12%
Magic:  5/5        EV: 12    Int: 12    God:
Gold:   111        SH:  0    Dex: 17    Spells: 3/3 levels left

rFire   . . .        a - +0 dagger
rCold   . . .        f - +2 buckler
rNeg    . . .        e - +0 robe
rPois   .            (no helmet)
rElec   .            (no cloak)
rCorr   .            c - +0 pair of gloves
SInv    .            n - +0 pair of boots
Will    .....        (no amulet)
Stlth   +            i - ring of flight
HPRegen 0.27/turn    (no ring)
MPRegen 0.09/turn

%: no passive effects
@: confused, flying, glowing
A: sense surroundings 1, otherworldly, glowing, explore regen
a: no special abilities


You were on level 3 of the Dungeon.
You visited 1 branch of the dungeon, and saw 3 of its levels.

You collected 111 gold pieces.

Inventory:

Hand Weapons
 a - a +0 dagger (weapon)
Armour
 c - a +0 pair of gloves (worn)
 e - a +0 robe (worn)
 f - a +2 buckler (worn)
 n - a +0 pair of boots (worn)
Jewellery
 i - a ring of flight (left hand)
 l - an amulet of guardian spirit
Scrolls
 d - a scroll of teleportation
 g - 3 scrolls of identify {unknown}
 o - 3 scrolls of amnesia {unknown}
 p - 2 scrolls of fog {unknown}
Potions
 b - a potion of attraction
 h - a potion of lignification {unknown}
 j - a potion of haste {unknown}
 k - a potion of curing {unknown}
 m - a potion of berserk rage {unknown}
 q - 2 potions of heal wounds {unknown}


   Skills:
 - Level 5.4 Fighting
 * Level 3.5 Short Blades
 - Level 2.1 Dodging
 - Level 1.0 Stealth
 - Level 2.1 Shields


You had 3 spell levels left.
You didn't know any spells.
Your spell library contained the following spells:

 Spells                   Type           Power      Damage    Failure   Level
 Call Canine Familiar     Summ           0%         N/A       80%         3
 Sigil of Binding         Hex            0%         N/A       80%         3
 Dimensional Bullseye     Hex/Tloc       0%         N/A       99%         4
 Leda's Liquefaction      Hex/Erth       0%         N/A       99%         4


Dungeon Overview and Level Annotations

Branches:
Dungeon (3/15) Zot: 517

Altars:
Zin


Innate Abilities, Weirdness & Mutations

You passively map a small area around you.
You are easily found by Zot.
You glow in the dark.
You regain HP and MP as you explore.


Message History

Unknown command.
You barely miss something. You block the orc's attack. Something hits you.
* * * LOW HITPOINT WARNING * * *
Unknown command.
You hit something. The orc hits you with a +0 dagger.
* * * LOW HITPOINT WARNING * * *
Something hits you but does no damage.
Unknown command.
You closely miss something.
Unknown command.
Unknown command.
You miss something. The orc hits you but does no damage. Something hits you.
* * * LOW HITPOINT WARNING * * *
Unknown command.
You miss something. The orc misses you. Something hits you but does no damage.
Unknown command.
Unknown command.
You hit something. You block the orc's attack. Something hits you.
* * * LOW HITPOINT WARNING * * *
Unknown command.
You closely miss something. The orc hits you but does no damage.
You block something's attack.
Unknown command.
Unknown command.
You hit something. You block the orc's attack.
You hear some strange, mumbled words.
You are confused.
Unknown command.
Unknown command.
You miss something. The orc barely misses you. Something hits you.
* * * LOW HITPOINT WARNING * * *
Unknown command.
Okay, then.
You're too confused to move!
The orc hits you but does no damage. Something hits you but does no damage.
Unknown command.
You miss something.
Unknown command.
You closely miss something. The orc barely misses you. Something hits you.
You die...

#.......###.#.######.*
*#.#..
#....................
*#.###
#...........#.#######
#. # ##.....######.# *
.##.### ##....# #.#
....... ####.# #.##
###.### #.# #..#####
,* # #.# #......#.# *
* #.# ##.@......# * *
#.)oP..P... *
...............
####..P......P. *
#........... *
#........... ,, *
#..P......P. * ,,
............ ,
###...P......


You could see an orc.

Vanquished Creatures
  An adder (D:2)
  An orc (D:3)
  4 ball pythons (D:2)
  4 endoplasms
  5 giant cockroaches
  4 goblins
  2 hobgoblins
  4 bats
  A frilled lizard (D:2)
  3 kobolds
  4 rats
33 creatures vanquished.

Notes
Turn   | Place    | Note
-------+----------+-------------------------------------------
     0 | D:1      | lunkers the Meteoran Wanderer began the quest for the Orb.
     0 | D:1      | lunkers set off with the following items: a +0 dagger, a
                  | potion of attraction, a +0 pair of gloves, a scroll of
                  | teleportation, a +0 robe, a +2 buckler.
     0 | D:1      | Reached XP level 1. HP: 23/23 MP: 2/2
    52 | D:1      | Reached skill level 1 in Short Blades
    72 | D:1      | Reached XP level 2. HP: 25/29 MP: 3/3
   386 | D:1      | Reached XP level 3. HP: 35/36 MP: 4/4
   957 | D:2      | Found a glowing silver altar of Zin.
  1108 | D:2      | Glimpsed the power of Zot.
  1199 | D:3      | Reached XP level 4. HP: 42/42 MP: 5/5
  1292 | D:3      | HP: 2/42 [something (2)]
  1299 | D:3      | Slain by an orc wizard

Illustrated notes

Levels and vault maps discovered:
D:1:      spicycebolla_green_bress_n_ham, layout_basic
D:2:      mumra_celtic_spiral_tile, layout_basic, basic_altar,
          minmay_pentomino_o4
D:3:      layout_loops_ring, mainiacjoe_overflow_small_starburst,
          mainiacjoe_overflow_alcove_1, minmay_misc_feat_plants

Skill      XL: |  1  2  3 |
---------------+----------+-----
Short Blades   | 1 2 3 |  3.5
Fighting       | |  5.4
Dodging        | |  2.1
Stealth        | |  1.0
Shields        | |  2.1

Action                     |  1- 3 |  4- 6 || total
---------------------------+-------+-------++-------
  Melee: Dagger            |   170 |    39 ||   209
 Armour: Robe              |    66 |    36 ||   102
  Dodge: Dodged            |    70 |    11 ||    81
  Block: Buckler           |    56 |    12 ||    68

Table legend: (Time is in decaauts)
 A = Elapsed time spent in this place.
 B = Non-inter-level travel time spent in this place.
 C = Inter-level travel time spent in this place.
 D = Time resting spent in this place.
 E = Time spent auto-exploring this place.
 F = Levels seen in this place.
 G = Mean time per level.
                   A        B        C        D        E       F      G
               +--------+--------+--------+--------+--------+-----+--------+
         Total |   1281 |   1281 |      0 |      0 |    921 |   3 |  427.0 |
       Dungeon |   1281 |   1281 |      0 |      0 |    921 |   3 |  427.0 |
               +--------+--------+--------+--------+--------+-----+--------+

Top non-repeatable levels by time:
     D:2: 691 daAuts
     D:1: 414 daAuts
     D:3: 175 daAuts
